1992 views
Uploaded 2023-04-21 21:51:37
Game version 1.35 (6115)
21:40 long 1on1 ladder game on (2)Tidehunters_S2_v1.2
Saved by DKnight
1992 views
Uploaded 2023-04-21 21:51:37
Game version 1.35 (6115)
21:40 long 1on1 ladder game on (2)Tidehunters_S2_v1.2

36 units @ 5.9k
/ 0.9k
22 buildings @ 2.1k
/ 0.7k


| Scroll of Regeneration | 3 | 300 |
| Lesser Clarity Potion | 3 | 210 |
| Potion of Healing | 1 | 150 |
| Staff of Sanctuary | 1 | 250 |
| total: | 8 | 910g |
| Peasant | 13 | 975 | / | 0 |
| Rifleman | 10 | 2050 | / | 300 |
| Priest | 1 | 135 | / | 10 |
| Spell Breaker | 2 | 430 | / | 60 |
| Knight | 8 | 1960 | / | 480 |
| Sorceress | 2 | 310 | / | 40 |
| total: | 36 | 5860g | / | 890w |
| Scout Tower | 3 | 90 | / | 60 |
| Arcane Tower | 1 | 70 | / | 50 |
| Guard Tower | 2 | 140 | / | 100 |
| Altar of Kings | 1 | 180 | / | 50 |
| Farm | 12 | 960 | / | 240 |
| Blacksmith | 1 | 140 | / | 60 |
| Barracks | 2 | 320 | / | 120 |
| Lumber Mill | 1 | 120 | / | 0 |
| Arcane Vault | 1 | 130 | / | 30 |
| Arcane Sanctum | 1 | 150 | / | 140 |
| Keep | 1 | 320 | / | 210 |
| Castle | 1 | 360 | / | 210 |
| total: | 22 | 2090g | / | 700w |
| 0:02 | Peasant |
| 0:02 | Peasant |
| 0:03 | Peasant |
| 0:03 | Peasant |
| 0:03 | Peasant |
| 0:03 | Peasant |
| 0:21 | Altar of Kings |
| 0:36 | Scout Tower |
| 0:51 | Farm |
| 1:06 | Blacksmith |
| 1:12 | Peasant |
| 1:36 | Farm |
| 1:42 | Peasant |
| 1:46 | Arcane Tower |
| 2:08 | Barracks |
| 2:16 | Peasant |
| 2:16 | Peasant |
| 2:16 | Peasant |
| 2:16 | Peasant |
| 2:17 | Peasant |
| 2:24 | Holy Light |
| 2:36 | Farm |
| 2:44 | Lumber Mill |
| 2:49 | Farm |
| 2:51 | Black Gunpowder |
| 4:20 | Rifleman |
| 4:21 | Rifleman |
| 5:13 | Rifleman |
| 5:15 | Keep |
| 5:38 | Studded Leather Armor |
| 5:52 | Rifleman |
| 6:02 | Farm |
| 6:06 | Farm |
| 6:07 | Farm |
| 6:12 | Barracks |
| 6:18 | Arcane Vault |
| 6:23 | Scout Tower |
| 6:26 | Improved Masonry |
| 6:27 | Improved Lumber Harvesting |
| 6:31 | Rifleman |
| 6:50 | Scout Tower |
| 6:55 | Guard Tower |
| 6:58 | Farm |
| 8:17 | Guard Tower |
| 8:21 | Scroll of Regeneration |
| 8:22 | Lesser Clarity Potion |
| 8:36 | Rifleman |
| 8:39 | Rifleman |
| 8:57 | Storm Bolt |
| 9:06 | Rifleman |
| 9:10 | Farm |
| 9:20 | Long Rifles |
| 9:37 | Divine Shield |
| 9:57 | Arcane Sanctum |
| 10:00 | Rifleman |
| 10:01 | Rifleman |
| 10:34 | Castle |
| 10:42 | Reinforced Leather Armor |
| 10:45 | Bash |
| 11:14 | Holy Light |
| 11:20 | Priest Adept Training |
| 11:21 | Priest |
| 11:24 | Spell Breaker |
| 11:29 | Refined Gunpowder |
| 11:33 | Imbued Gunpowder |
| 13:02 | Animal War Training |
| 13:04 | Knight |
| 13:10 | Spell Breaker |
| 13:13 | Scroll of Regeneration |
| 13:13 | Lesser Clarity Potion |
| 13:14 | Potion of Healing |
| 13:28 | Sorceress Adept Training |
| 13:42 | Iron Forged Swords |
| 14:13 | Staff of Sanctuary |
| 14:27 | Farm |
| 14:30 | Farm |
| 14:31 | Farm |
| 15:11 | Knight |
| 15:20 | Iron Plating |
| 15:23 | Storm Bolt |
| 16:05 | Divine Shield |
| 16:14 | Knight |
| 16:20 | Steel Forged Swords |
| 17:37 | Sorceress |
| 17:40 | Knight |
| 17:42 | Knight |
| 17:50 | Scroll of Regeneration |
| 17:57 | Lesser Clarity Potion |
| 18:40 | Sorceress |
| 18:42 | Knight |
| 19:44 | Mithril Forged Swords |
| 21:34 | Knight |
| 21:35 | Knight |
| Right click | 660 |
| Select | 256 |
| Build/train/purchase | 100 |
| Use ability | 46 |
27 units @ 4.1k
/ 0.6k
13 buildings @ 2.1k
/ 0.7k



| Rod of Necromancy | 2 | 300 |
| Potion of Healing | 2 | 300 |
| Orb of Corruption | 1 | 375 |
| Scroll of Healing | 3 | 750 |
| Scroll of Town Portal | 1 | 350 |
| Potion of Lesser Invulnerability | 3 | 450 |
| total: | 12 | 2525g |
| Acolyte | 8 | 600 | / | 0 |
| Ghoul | 7 | 840 | / | 0 |
| Crypt Fiend | 7 | 1505 | / | 280 |
| Obsidian Statue | 1 | 200 | / | 35 |
| Abomination | 4 | 960 | / | 280 |
| total: | 27 | 4105g | / | 595w |
| Nerubian Tower | 1 | 100 | / | 20 |
| Spirit Tower | 1 | 145 | / | 40 |
| Crypt | 1 | 200 | / | 50 |
| Altar of Darkness | 1 | 180 | / | 50 |
| Ziggurat | 6 | 900 | / | 300 |
| Tomb of Relics | 1 | 130 | / | 30 |
| Graveyard | 1 | 215 | / | 0 |
| Necropolis | 1 | 225 | / | 0 |
| Slaughterhouse | 2 | 280 | / | 270 |
| Halls of the Dead | 1 | 320 | / | 210 |
| Black Citadel | 1 | 325 | / | 230 |
| total: | 13 | 2130g | / | 700w |
| 0:03 | Acolyte |
| 0:03 | Acolyte |
| 0:06 | Crypt |
| 0:09 | Altar of Darkness |
| 0:24 | Ziggurat |
| 0:45 | Tomb of Relics |
| 0:51 | Acolyte |
| 1:12 | Ghoul |
| 1:26 | Ghoul |
| 1:41 | Ziggurat |
| 1:58 | Ghoul |
| 2:16 | Rod of Necromancy |
| 2:19 | Death Coil |
| 2:35 | Ghoul |
| 3:02 | Ghoul |
| 3:28 | Halls of the Dead |
| 3:53 | Ghoul |
| 4:08 | Graveyard |
| 4:20 | Ghoul |
| 5:45 | Unholy Aura |
| 5:47 | Crypt Fiend |
| 5:59 | Slaughterhouse |
| 6:10 | Rod of Necromancy |
| 6:14 | Potion of Healing |
| 6:24 | Crypt Fiend |
| 6:51 | Ziggurat |
| 6:51 | Acolyte |
| 6:54 | Frost Nova |
| 8:04 | Black Citadel |
| 8:19 | Obsidian Statue |
| 8:22 | Crypt Fiend |
| 8:48 | Potion of Lesser Invulnerability |
| 8:48 | Scroll of Healing |
| 8:52 | Frost Armor |
| 9:28 | Crypt Fiend |
| 9:33 | Ziggurat |
| 9:36 | Creature Attack |
| 10:05 | Death Coil |
| 10:10 | Necropolis |
| 10:41 | Orb of Corruption |
| 10:48 | Acolyte |
| 11:25 | Frost Nova |
| 11:36 | Acolyte |
| 11:37 | Crypt Fiend |
| 11:40 | Creature Carapace |
| 12:08 | Howl of Terror |
| 12:54 | Ziggurat |
| 12:54 | Acolyte |
| 12:55 | Acolyte |
| 12:59 | Slaughterhouse |
| 13:00 | Crypt Fiend |
| 13:02 | Abomination |
| 13:14 | Potion of Lesser Invulnerability |
| 14:02 | Nerubian Tower |
| 14:17 | Burrow |
| 14:32 | Disease Cloud |
| 14:32 | Abomination |
| 14:35 | Unholy Armor |
| 14:35 | Improved Creature Attack |
| 14:37 | Death Pact |
| 14:47 | Frost Armor |
| 14:52 | Potion of Healing |
| 15:52 | Improved Unholy Armor |
| 15:54 | Abomination |
| 15:56 | Ziggurat |
| 16:16 | Cleaving Attack |
| 16:33 | Improved Creature Carapace |
| 17:37 | Unholy Strength |
| 17:37 | Advanced Creature Attack |
| 18:03 | Potion of Lesser Invulnerability |
| 18:03 | Scroll of Healing |
| 18:10 | Spirit Tower |
| 18:14 | Abomination |
| 18:48 | Crypt Fiend |
| 18:51 | Advanced Unholy Armor |
| 19:45 | Scroll of Town Portal |
| 19:50 | Scroll of Healing |
| 21:05 | Cleaving Attack |
| 21:08 | Death Coil |
| Right click | 1369 |
| Select group | 961 |
| Select | 397 |
| Build/train/purchase | 145 |
| Misc. action | 140 |
| Assign group | 54 |
| Use ability | 48 |
| Item give/drop | 6 |
| Remove unit | 1 |